 Dungeon Crawl Stone Soup version 0.30-a0-141-g30f27751c5 (webtiles) character file.

Game seed: 11800295360184489092

32174 Flugkiller the Warrior (level 13, -4/130 HPs)
             Began as a Hill Orc Berserker on Sept 25, 2022.
             Was a Priest of Trog.
             Killed from afar by a lindwurm (35 damage)
             ... with a blast of flame
             ... on level 4 of the Lair of Beasts.
             The game lasted 00:17:32 (16791 turns).

Flugkiller the Warrior (Hill Orc Berserker)        Turns: 16791, Time: 00:17:32

Health: -4/130     AC: 25    Str: 23    XL:     13   Next: 62%
Magic:  13/13      EV: 11    Int:  7    God:    Trog [***...]
Gold:   965        SH:  0    Dex: 24    Spells: 12/12 levels left

rFire   . . .      SeeInvis .    E - +7 rapier (elec)
rCold   . . .      Faith    +    (no shield)
rNeg    + + .      Spirit   .    V - +1 plate armour {rPois}
rPois   +          Reflect  .    L - +2 helmet
rElec   +          Harm     .    (no cloak)
rCorr   .          Rampage  .    b - +0 pair of gloves
Will    .....                    I - +2 pair of boots
Stlth   ..........               D - amulet "Ywe Mead" {Faith rN+}
HPRegen 0.31/turn                A - +6 ring of dexterity
MPRegen 0.13/turn                C - ring "Qissaifa" {rElec rN+ Dex+6}

@: studying 2 skills
A: no striking features
a: Renounce Religion, Berserk, Trog's Hand


You were on level 4 of the Lair of Beasts.
You worshipped Trog.
Trog was most pleased with you.
You visited 2 branches of the dungeon, and saw 15 of its levels.
You also visited: Ossuary and Gauntlet.

You collected 1723 gold pieces.
You spent 758 gold pieces at shops.

Inventory:

Hand Weapons
 a - a +1 quick blade of flaming
   (Trog gifted it to you on level 2 of the Lair of Beasts)
 E - a +7 rapier of electrocution (weapon)
   (You took it off Duvessa on level 5 of the Dungeon)
Missiles
 N - a curare-tipped dart (quivered)
Armour
 b - a +0 pair of gloves (worn)
   (You found it on level 3 of the Dungeon)
 I - a +2 pair of boots (worn)
   (You found it on level 5 of the Dungeon)
 L - a +2 helmet (worn)
   (You found it on level 9 of the Dungeon)
 V - a +1 plate armour of poison resistance (worn)
   (You took it off a minotaur in a Gauntlet)
 W - the +6 storm dragon scales of Snakes and Ladders {rElec MP+9 Str+4 Dex-5 SInv}
   (You found it in a Gauntlet)

   Str:       It affects your strength (+4).
   Dex:       It affects your dexterity (-5).
   rElec:     It insulates you from electricity.
   MP:        It affects your magic capacity (+9).
   SInv:      It lets you see invisible.
Jewellery
 f - a ring of protection from fire
   (You found it on level 3 of the Lair of Beasts)
 p - a ring of protection from fire
   (You found it on level 1 of the Dungeon)
 s - a +4 ring of protection
   (You found it on level 3 of the Dungeon)
 y - a +4 ring of protection
   (You found it on level 4 of the Dungeon)
 A - a +6 ring of dexterity (left hand)
   (You found it on level 4 of the Dungeon)
 C - the ring "Qissaifa" (right hand) {rElec rN+ Dex+6}
   (You bought it in a shop on level 9 of the Dungeon)

   [ring of dexterity]

   Dex:       It affects your dexterity (+6).
   rElec:     It insulates you from electricity.
   rN:        It protects you from negative energy.
 D - the amulet "Ywe Mead" (around neck) {Faith rN+}
   (You found it in a Gauntlet)

   [amulet of faith]

   It allows you to gain divine favour quickly.
   rN:        It protects you from negative energy.
 M - a ring of flight
   (You found it on level 10 of the Dungeon)
 R - a ring of fire
   (You found it on level 11 of the Dungeon)
 S - the necklace of Bloodlust {*Rage Will++ Int-3 Slay+6}
   (You found it in a Gauntlet)

   [amulet of nothing]

   It extends the wearer's berserk rage when killing foes.
   Int:       It affects your intelligence (-3).
   Slay:      It affects your accuracy & damage with ranged weapons and melee
   (+6).
   *Rage:     It berserks you when you make melee attacks (+50% chance).
   Will:      It greatly increases your willpower.
 Z - a ring of resist corrosion
   (You found it on level 3 of the Lair of Beasts)
Wands
 o - a wand of polymorph (5)
   (You found it on level 8 of the Dungeon)
 u - a wand of digging (4)
   (You found it on level 4 of the Dungeon)
 v - a wand of flame (25)
   (You found it on level 7 of the Dungeon)
 x - a wand of paralysis (5)
   (You found it on level 4 of the Dungeon)
 X - a wand of iceblast (3)
   (You found it on level 3 of the Lair of Beasts)
Scrolls
 c - a scroll of poison
 j - 3 scrolls of enchant weapon
 k - 3 scrolls of vulnerability
 l - a scroll of torment
 r - a scroll of identify
 t - 8 scrolls of teleportation
 z - a scroll of blinking
 G - 4 scrolls of butterflies
 J - a scroll of summoning
 P - a scroll of magic mapping
 Y - 2 scrolls of silence
Potions
 d - 3 potions of might
 e - 9 potions of flight
 h - 2 potions of haste
 n - 2 potions of lignification
 q - 11 potions of curing
 w - 4 potions of heal wounds
 B - 5 potions of berserk rage
 F - 2 potions of invisibility
 K - a potion of ambrosia {unknown}
 O - 2 potions of magic {unknown}
 Q - 2 potions of degeneration {unknown}
 T - 3 potions of cancellation {unknown}
Miscellaneous
 i - a tin of tremorstones (2/2)
   (You found it in a Gauntlet)
 U - a box of beasts
   (You found it in a Gauntlet)


   Skills:
 + Level 16.9 Fighting
 - Level 14.0 Short Blades
 - Level 7.6 Axes
 - Level 12.1 Armour
 + Level 5.6 Dodging
 - Level 6.0 Evocations


You had 12 spell levels left.
You didn't know any spells.
Your spell library was empty.

Dungeon Overview and Level Annotations

Branches:
Dungeon (11/15) Zot: 25726  Temple (0/1) D:5            Lair (4/5) D:8 Zot: 20225
 Shoals (0/4) Lair:2        Snake (0/4) Lair:3      Ossuary (visited)
Gauntlet (visited)
  Slime: Lair:4-5       Orc: D:9-12

Altars:
Ashenzari
Elyvilon
Kikubaaqudgha
Makhleb
Okawaru
Qazlal
Uskayaw
Wu Jian
Xom
Yredelemnul
Zin
The Shining One
Beogh

Shops:
D:8 (   D:9 =

Portals:
Trove: D:10 (give 15 scrolls of teleportation)

Annotations:
Lair:4 Nessos


Message History

Being near the torpor snail leaves you feeling lethargic.
A red film seems to cover your vision as you go berserk!
You feel yourself moving faster!
You feel mighty!
You are too injured to fight recklessly!
You are too injured to fight recklessly!
You are too injured to fight recklessly!
You are too injured to fight recklessly!
You are too injured to fight recklessly!
You are too injured to fight recklessly!
You hit the torpor snail.
The torpor snail is lightly wounded.
The torpor snail bites you.
You puncture the torpor snail!
Lightning courses through the torpor snail!!
The torpor snail is heavily wounded.
You puncture the torpor snail!
The torpor snail is almost dead.
You impale the torpor snail!!
Lightning courses through the torpor snail!
You kill the torpor snail!
Trog accepts your kill.
You feel yourself speed up.
You start resting.
You feel a strong urge to attack something.
You start resting.
You feel your anger nearly subside.
You are no longer berserk.
You are exhausted.
You feel yourself slow down.
You start resting.
You feel yourself speed up.
Unknown command.
You start resting.
You recover from your berserk rage.
You start resting.
A lindwurm comes into view.
The lindwurm roars!
The lindwurm breathes flames at you. The blast of flame hits you!!
Aiming: Paralyse
Press: ? - help, Shift-Dir - straight line, f - lindwurm
Aim: a lindwurm (chance to affect: 47%)
The lindwurm resists with some effort.
The lindwurm breathes flames at you. The blast of flame hits you!!
* * * LOW HITPOINT WARNING * * *
Aiming: Paralyse
Press: ? - help, Shift-Dir - straight line, f/p - lindwurm
Aim: a lindwurm (chance to affect: 47%)
The lindwurm resists with some effort.
Aiming: Paralyse
Press: ? - help, Shift-Dir - straight line, f/p - lindwurm
Aim: a lindwurm (chance to affect: 47%)
The lindwurm resists with some effort.
The lindwurm breathes flames at you. The blast of flame misses you.
You feel much better.
Aiming: Paralyse
Press: ? - help, Shift-Dir - straight line, f/p - lindwurm
Aim: a lindwurm (chance to affect: 47%)
The lindwurm resists with some effort.
The lindwurm bites you but does no damage.
The lindwurm claws you.
* * * LOW HITPOINT WARNING * * *
The lindwurm closely misses you.
Aiming: Paralyse
Press: ? - help, Shift-Dir - straight line, f/p - lindwurm
Aim: a lindwurm (chance to affect: 47%)
The lindwurm resists with some effort.
The lindwurm bites you but does no damage.
The lindwurm claws you but does no damage.
The lindwurm claws you.
* * * LOW HITPOINT WARNING * * *
Aiming: Paralyse
Press: ? - help, Shift-Dir - straight line, f/p - lindwurm
Aim: a lindwurm (chance to affect: 47%)
The lindwurm resists with some effort.
The lindwurm bites you but does no damage.
The lindwurm barely misses you. The lindwurm closely misses you.
Aiming: Paralyse
Press: ? - help, Shift-Dir - straight line, f/p - lindwurm
Aim: a lindwurm (chance to affect: 47%)
The lindwurm resists with some effort.
The lindwurm bites you but does no damage.
The lindwurm closely misses you.
The lindwurm claws you but does no damage.
Aiming: Paralyse
Press: ? - help, Shift-Dir - straight line, f/p - lindwurm
Aim: a lindwurm (chance to affect: 47%)
The lindwurm resists with some effort.
The lindwurm bites you but does no damage.
The lindwurm claws you but does no damage.
The lindwurm claws you.
* * * LOW HITPOINT WARNING * * *
Aiming: Paralyse
Press: ? - help, Shift-Dir - straight line, f/p - lindwurm
Aim: a lindwurm (chance to affect: 47%)
The lindwurm resists with some effort.
The lindwurm breathes flames at you. The blast of flame hits you!!
You die...

**** **** **,,***#*,,* ###
*,,,,,,...*###@#
*,,,,,,#...#.#k######
**,,,,,,....[..<.....#
*,,,,***##.....÷÷.>..#*****
**,,,**,,,##...†........P*,**
,,,,*,*,,,,#...P.........,,,*
*,,,,,***,*#............#,,,***
,,,,,,,*,,#...[...##.#...**,*,*
**,,,,*,,*#............>.,*,,**


You could see a lindwurm (catching breath).

Vanquished Creatures
  A minotaur (Gauntlet)
  Snorg (D:10)
  A hydra (Lair:2)
  4 two-headed ogres
  A soul eater (Gauntlet)
  A death yak (Lair:4)
  2 thrashing horrors (Gauntlet)
  2 skeletal warriors (D:9)
  An ugly thing (D:11)
  3 black mambas
  2 merfolk sirens (Lair:2)
  4 elephants (Lair:3)
  A torpor snail (Lair:4)
  A gargoyle (D:11)
  15 cane toads
  2 rime drakes (Lair:4)
  5 komodo dragons
  3 trolls
  2 merfolk (Lair:2)
  A polar bear (Lair:3)
  4 blink frogs
  Sigmund (D:3)
  A wraith (D:11)
  5 wyverns
  18 yaks
  Grum (Lair:1)
  7 basilisks
  6 small abominations (Gauntlet)
  2 steam dragons
  3 acid dragons
  Duvessa (D:5)
  7 water moccasins
  2 ice beasts
  4 orc warriors
  A sky beast (D:7)
  15 wolves
  An ogre (D:5)
  3 centaurs
  3 kobold brigands
  3 bullfrogs
  A scorpion (D:4)
  A gnoll sergeant (D:11)
  5 water moccasin zombies (Ossuary)
  A wight (D:7)
  Dowan (D:5)
  15 killer bees
  4 howler monkeys
  An electric eel (Lair:3)
  2 hounds (D:5)
  5 orc priests
  A jelly (D:5)
  3 iguanas
  13 orc wizards
  3 mummies
  15 gnolls
  18 adders
  6 shadow imps
  2 white imps (D:7)
  6 adder zombies (Ossuary)
  2 worms (D:2)
  6 dart slugs
  65 orcs
  9 endoplasms
  5 giant cockroaches
  2 gnoll zombies (Ossuary)
  8 goblins
  8 hobgoblins
  8 jackals
  3 quokkas
  4 ball pythons
  6 bats
  5 frilled lizards
  3 hobgoblin zombies (Ossuary)
  24 kobolds
  8 kobold zombies (Ossuary)
  4 orc zombies (Ossuary)
  8 rats
422 creatures vanquished.

Vanquished Creatures (collateral kills)
  A skeletal warrior (D:9)
  A gnoll bouda (D:9)
  2 gnolls (D:9)
4 creatures vanquished.

Vanquished Creatures (others)
  4 demonic plants (Gauntlet)
  8 fungi
  7 plants
19 creatures vanquished.

Grand Total: 445 creatures vanquished

Notes
Turn   | Place    | Note
-------+----------+-------------------------------------------
     0 | D:1      | Flugkiller the Hill Orc Berserker began the quest for the
                  | Orb.
     0 | D:1      | Reached XP level 1. HP: 19/19 MP: 1/1
    73 | D:1      | Reached XP level 2. HP: 19/26 MP: 2/2
   529 | D:1      | Reached skill level 5 in Axes
  1235 | D:2      | Reached XP level 3. HP: 15/33 MP: 3/3
  1451 | D:2      | Reached ** piety under Trog
  1492 | D:2      | Reached skill level 4 in Fighting
  1644 | D:2      | Reached XP level 4. HP: 40/40 MP: 4/4
  2143 | D:3      | Noticed Sigmund
  2170 | D:3      | Killed Sigmund
  2171 | D:3      | Reached skill level 5 in Fighting
  2171 | D:3      | Reached XP level 5. HP: 28/48 MP: 5/5
  2171 | D:3      | Reached XP level 6. HP: 32/56 MP: 6/6
  2716 | D:3      | Reached *** piety under Trog
  3064 | D:4      | Reached skill level 1 in Evocations
  3116 | D:4      | Found a burning altar of Makhleb.
  3244 | D:4      | Reached XP level 7. HP: 61/61 MP: 7/7
  3437 | D:5      | Entered Level 5 of the Dungeon
  3445 | D:5      | Found a staircase to the Ecumenical Temple.
  3596 | D:5      | Noticed Duvessa
  3602 | D:5      | Noticed Dowan
  3611 | D:5      | Killed Duvessa
  3612 | D:5      | Reached skill level 6 in Fighting
  3612 | D:5      | Reached skill level 5 in Armour
  3618 | D:5      | Killed Dowan
  3772 | D:5      | Reached **** piety under Trog
  3774 | D:5      | Reached XP level 8. HP: 70/70 MP: 8/8
  3801 | D:5      | Reached skill level 1 in Short Blades
  4043 | D:5      | Found a shimmering altar of Xom.
  4563 | D:6      | You fall into a shaft and drop 1 floor!
  4792 | D:6      | Reached skill level 5 in Evocations
  4954 | D:6      | Reached skill level 7 in Fighting
  4957 | D:6      | Found a glowing golden altar of the Shining One.
  5126 | D:6      | Found an ornate altar of the Wu Jian Council.
  5133 | D:6      | Found a glowing silver altar of Zin.
  5138 | D:6      | Found an iron altar of Okawaru.
  5627 | D:7      | Reached XP level 9. HP: 70/79 MP: 9/9
  5702 | D:7      | Found a broken altar of Ashenzari.
  5702 | D:7      | Found a basalt altar of Yredelemnul.
  5928 | D:7      | Found a stormy altar of Qazlal.
  6354 | D:8      | Found Quxyikh's Weapon Shop.
  6520 | D:8      | Reached skill level 8 in Fighting
  6532 | D:8      | Identified a scroll of acquirement
  6589 | D:8      | Found a sand-covered staircase.
  6599 | Ossuary  | Entered an ossuary
  6621 | Ossuary  | Reached ***** piety under Trog
  6949 | D:8      | Reached skill level 5 in Short Blades
  6960 | D:8      | Reached skill level 9 in Fighting
  6982 | D:8      | Reached XP level 10. HP: 31/91 MP: 10/10
  7310 | D:8      | Found a roughly hewn altar of Beogh.
  8026 | D:8      | Found an ancient bone altar of Kikubaaqudgha.
  8222 | D:8      | Found a staircase to the Lair.
  8235 | D:8      | Reached skill level 10 in Fighting
  8453 | D:9      | Noticed a skeletal warrior
  8453 | D:9      | Noticed a skeletal warrior
  8453 | D:9      | Noticed a skeletal warrior
  8474 | D:9      | Received a gift from Trog
  8826 | D:9      | Killed a skeletal warrior
  9078 | D:9      | Noticed a two-headed ogre
  9084 | D:9      | Killed a two-headed ogre
  9165 | D:9      | Reached skill level 11 in Fighting
  9169 | D:9      | Reached XP level 11. HP: 95/102 MP: 11/11
  9277 | D:9      | Found a hide-covered altar of Uskayaw.
  9302 | D:9      | Found Ycugopt's Jewellery Shoppe.
  9378 | D:9      | Acquired 792 gold pieces
  9413 | D:9      | Bought the ring "Qissaifa" {rElec rN+ Dex+6} for 758 gold
                  | pieces
  9462 | D:9      | Reached skill level 10 in Armour
  9630 | D:9      | Killed a skeletal warrior
  9649 | D:9      | Killed a skeletal warrior
 10129 | D:10     | Entered Level 10 of the Dungeon
 10195 | D:10     | Found a portal to a secret trove of treasure.
 10361 | D:10     | Noticed a two-headed ogre
 10371 | D:10     | Killed a two-headed ogre
 10662 | D:10     | Noticed Snorg
 10688 | D:10     | Killed Snorg
 11088 | D:11     | Noticed a two-headed ogre
 11092 | D:11     | Killed a two-headed ogre
 11093 | D:11     | Reached skill level 12 in Fighting
 11241 | D:11     | Found a white marble altar of Elyvilon.
 11348 | D:11     | Noticed a red ugly thing
 11357 | D:11     | Killed a red ugly thing
 11432 | D:11     | Noticed a two-headed ogre
 11441 | D:11     | Killed a two-headed ogre
 11489 | D:11     | Reached skill level 10 in Short Blades
 11805 | D:11     | Reached XP level 12. HP: 52/113 MP: 12/12
 12229 | Lair:1   | Entered Level 1 of the Lair of Beasts
 12265 | Lair:1   | Noticed Grum
 12267 | Lair:1   | Received a gift from Trog
 12289 | Lair:1   | Killed Grum
 12649 | Lair:1   | Identified the +8 trident "Sepnutwu" {freeze, Will+ Str+2}
 12988 | Lair:1   | Acquired a manual of Short Blades
 13028 | Lair:2   | Found a staircase to the Shoals.
 13303 | Lair:2   | You fall into a shaft and drop 2 floors!
 13317 | Lair:4   | Found a gate leading to a gauntlet.
 13335 | Gauntlet | Entered a Gauntlet
 13335 | Gauntlet | Found a transporter.
 13335 | Gauntlet | Found a transporter.
 13435 | Gauntlet | Found a transporter.
 13448 | Gauntlet | Found a transporter.
 13448 | Gauntlet | Found a transporter.
 13450 | Gauntlet | Found a transporter.
 13450 | Gauntlet | Found a transporter.
 13450 | Gauntlet | Noticed a thrashing horror
 13452 | Gauntlet | Found a transporter.
 13452 | Gauntlet | Noticed a thrashing horror
 13453 | Gauntlet | Noticed a thrashing horror
 13470 | Gauntlet | Found a transporter.
 13471 | Gauntlet | Found the necklace of Bloodlust {*Rage Will++ Int-3 Slay+6}
 13475 | Gauntlet | Noticed a thrashing horror
 13478 | Gauntlet | Found a transporter.
 13488 | Gauntlet | Found a transporter.
 13502 | Gauntlet | Found a transporter.
 13522 | Gauntlet | Found a transporter.
 13525 | Gauntlet | Noticed a soul eater
 13535 | Gauntlet | Found a transporter.
 13589 | Gauntlet | Reached skill level 13 in Fighting
 13609 | Gauntlet | Killed a soul eater
 13616 | Gauntlet | Identified the +6 storm dragon scales of Snakes and Ladders
                  | {rElec MP+9 Str+4 Dex-5 SInv}
 13702 | Gauntlet | Killed a thrashing horror
 13728 | Gauntlet | Identified the amulet "Ywe Mead" {Faith rN+}
 13824 | Gauntlet | Killed a thrashing horror
 13956 | Gauntlet | Identified the +7 lajatang of Distant Shores {elec, Fragile
                  | Str+6 Int+5}
 13956 | Gauntlet | Noticed a minotaur
 13969 | Gauntlet | Killed a minotaur
 13981 | Gauntlet | Identified the +1 leather armour of Privacy {+Inv rN+}
 14286 | Lair:4   | Identified the +9 hand axe "Eviscerator" {venom, rElec rF+
                  | Int+3}
 14291 | Lair:4   | Noticed a death yak
 14304 | Lair:4   | Killed a death yak
 14341 | Lair:4   | Noticed a seven-headed hydra
 14346 | Lair:4   | Reached skill level 14 in Fighting
 14359 | Lair:3   | Reached XP level 13. HP: 91/124 MP: 13/13
 14955 | Lair:2   | Received a gift from Trog
 15176 | Lair:3   | Found a staircase to the Snake Pit.
 15443 | Lair:3   | Reached skill level 15 in Fighting
 15561 | Lair:3   | Identified the +5 rapier of the Depths {protect, Str+5
                  | Dex+2}
 15870 | Lair:3   | Reached skill level 16 in Fighting
 16454 | Lair:4   | Reached skill level 5 in Dodging
 16616 | Lair:4   | Noticed Nessos
 16791 | Lair:4   | Killed from afar by a lindwurm

Illustrated notes

Levels and vault maps discovered:
D:1:      dpeg_arrival_windows_large_door, layout_basic,
          minmay_misc_feat_enclosed, minmay_tromino_mix6
D:2:      layout_basic, kennysheep_generic_room_12
D:3:      layout_rooms, minmay_joined_circles, uniq_sigmund
D:4:      layout_rooms, marbit_many_paths, kennysheep_generic_room_5
D:5:      layout_cave_pools, tgw_xom, minmay_temple_entry_grid,
          nicolae_zen_rock_garden, uniq_duvessa
D:6:      layout_loops_cross, grunt_temple_overflow_diamond, tso_metal_star
D:7:      layout_basic, jmf_multi_god_temple, kennysheep_mini
D:8:      corexii_shack_village, layout_gridville, mainiacjoe_overflow_brackets,
          erik_lair_dragon, special_room [special_room_orc],
          gup_ossuary_entry_pyramid, serial_shops, nicolae_stop_n_shop_1
D:9:      layout_roguey, eat_drink_and_be_merry_uskayaw, serial_shops, shop
D:10:     layout_roguey, nicolae_trove_entry_free_sample, uniq_snorg
D:11:     layout_grid_maze, elyvilon_altar_1
Lair:1:   layout_cellular_growth, uniq_grum
Lair:2:   layout_concentric_octagons, elwin_shoals_entry_stream
Lair:3:   layout_roguey, dummy_snake_entry, serial_bayou_lagoon_a
Lair:4:   layout_loops_ring, gauntlet_entry_generic, beast_lair_carwin_1,
          uniq_nessos

Skill      XL: |  1  2  3  4  5  6  7  8  9 10 11 12 13 |
---------------+----------------------------------------+-----
Axes           | 5 6 7 |  7.6
Fighting       | 4 5 6 7 9 11 12 14 16 | 16.9
Armour         | 3 4 5 6 7 9 11 12 | 12.1
Evocations     | 1 3 5 6 |  6.0
Short Blades   | 2 5 7 10 13 14 | 14.0
Dodging        | 2 5 |  5.6

Action                   |  1- 3 |  4- 6 |  7- 9 | 10-12 | 13-15 || total
-------------------------+-------+-------+-------+-------+-------++-------
Melee: Hand axe          |    92 |   179 |   133 |       |       ||   404
       Punch             |       |     1 |     3 |     4 |     7 ||    15
       War axe           |       |       |   129 |       |       ||   129
       Battleaxe         |       |       |   184 |   190 |       ||   374
       Rapier            |       |       |       |   432 |   237 ||   669
Invok: Berserk           |     5 |     6 |    14 |    17 |     2 ||    44
       Trog's Hand       |       |       |     1 |     1 |       ||     2
       Brothers in Arms  |       |       |       |     1 |       ||     1
Evoke: Wand              |       |       |     4 |     1 |     9 ||    14
  Use: Scroll            |     4 |     2 |     8 |    15 |     2 ||    31
       Potion            |       |       |     1 |       |     2 ||     3
 Stab: Paralysed         |       |       |     3 |     1 |       ||     4
Armor: Animal skin       |    13 |    13 |       |       |       ||    26
       Plate armour      |       |    85 |   482 |   346 |   159 ||  1072
       Storm dragon scal |       |       |       |    67 |       ||    67
Dodge: Dodged            |    42 |    80 |   200 |   260 |    86 ||   668

Table legend: (Time is in decaauts)
 A = Elapsed time spent in this place.
 B = Non-inter-level travel time spent in this place.
 C = Inter-level travel time spent in this place.
 D = Time resting spent in this place.
 E = Time spent auto-exploring this place.
 F = Levels seen in this place.
 G = Mean time per level.
                   A        B        C        D        E       F      G
               +--------+--------+--------+--------+--------+-----+--------+
         Total |  17055 |  16357 |    698 |   5312 |   7833 |  17 | 1003.2 |
       Dungeon |  12449 |  11893 |    556 |   3833 |   5788 |  11 | 1131.7 |
          Lair |   3773 |   3632 |    141 |   1186 |   1857 |   4 |  943.2 |
       Ossuary |    187 |    187 |      0 |      0 |     67 |   1 |  187.0 |
      Gauntlet |    645 |    645 |      0 |    292 |    121 |   1 |  645.0 |
               +--------+--------+--------+--------+--------+-----+--------+

Top non-repeatable levels by time:
     D:8: 2750 daAuts
  Lair:3: 1617 daAuts
     D:1: 1363 daAuts
     D:7: 1305 daAuts
    D:11: 1151 daAuts
     D:9: 1114 daAuts
     D:2: 1014 daAuts
  Lair:2: 964 daAuts
     D:6: 898 daAuts
    D:10: 872 daAuts
     D:5: 824 daAuts
  Lair:1: 794 daAuts
Gauntlet: 645 daAuts
     D:3: 584 daAuts
     D:4: 570 daAuts
